| TOP OF THE 1ST |
|
Montreal Expos batting - Pitching for Toronto Blue Jays : LHP Katsumi Omura
|
|
Pitching: LHP Katsumi Omura
|
|
|
Batting: RHB Robby Juarez
|
0-0: Called Strike 0-1: Foul Ball, location: 2F 0-2: Strikes out looking
|
|
Batting: SHB Pete Barutha
|
0-0: Ground out 5-3 (Groundball, 56S, EV 83.8 MPH)
|
|
Batting: RHB Mike Salmon
|
0-0: Ball 1-0: SINGLE (Flyball, 89S, EV 90.0 MPH)
|
|
Batting: RHB Wen-hua Lei
|
0-0: Hit by Pitch Mike Salmon to second
|
|
Batting: LHB Steve Anderson
|
0-0: Ball 1-0: Called Strike 1-1: Called Strike 1-2: Strikes out swinging
|
| Top of the 1st over - 0 runs, 1 hit, 0 errors, 2 left on base; Montreal 0 - Toronto 0 |
| BOTTOM OF THE 1ST |
|
Toronto Blue Jays batting - Pitching for Montreal Expos : RHP Jon Turman
|
|
Pitching: RHP Jon Turman
|
|
|
Batting: LHB Michael Byrd
|
0-0: Foul Ball, location: 2F 0-1: Foul Ball, location: 2F 0-2: Ball 1-2: Ball 2-2: Foul Ball, location: 2F 2-2: Ball 3-2: Foul Ball, location: 2F 3-2: Foul Ball, location: 2F 3-2: Foul Ball, location: 2F 3-2: Fly out, F8 (Flyball, 8LM, EV 86.9 MPH)
|
|
Batting: LHB Jody Hudson
|
0-0: Ball 1-0: Called Strike 1-1: Bunt for hit to 23 - play at first, batter safe!
|
|
Batting: LHB Josh Stuck
|
0-0: Ball 1-0: Swinging Strike 1-1: Called Strike 1-2: Ball 2-2: SINGLE (Line Drive, 78S, EV 100.0 MPH) Jody Hudson to second
|
|
Batting: LHB Isto Mäyrä
|
0-0: Swinging Strike 0-1: Ball 1-1: Ball Jody Hudson steals 3rd base (no throw) Josh Stuck to second 2-1: Foul Ball, location: 2F 2-2: Ball 3-2: Strikes out looking
|
|
Batting: LHB Jesus Romero
|
0-0: Ball 1-0: Ball 2-0: Called Strike 2-1: SINGLE (Groundball, 34D, EV 97.5 MPH) Jody Hudson scores Josh Stuck to third Runner from 3rd tries for Home, SAFE, throw by RF to home
|
|
Batting: SHB Dylan Novakowski
|
0-0: Called Strike 0-1: Foul Ball, location: 2F 0-2: SINGLE (Groundball, 3D, EV 98.1 MPH) Jesus Romero to second Runner from 2nd tries for 3rd, SAFE, throw by RF made at trailing runner, OUT! 9-6
|
| Bottom of the 1st over - 2 runs, 4 hits, 0 errors, 1 left on base; Montreal 0 - Toronto 2 |
| TOP OF THE 2ND |
|
Montreal Expos batting - Pitching for Toronto Blue Jays : LHP Katsumi Omura
|
|
Batting: RHB John Ham
|
0-0: Ground out 6-3 (Groundball, 6, EV 98.8 MPH)
|
|
Batting: RHB Eugênio Asceno
|
0-0: Fly out, F8 (Line Drive, 8RM, EV 103.1 MPH)
|
|
Batting: SHB Hans Mikkelsen
|
0-0: Called Strike 0-1: Called Strike 0-2: Strikes out swinging, 2-3 out at first.
|
| Top of the 2nd over - 0 runs, 0 hits, 0 errors, 0 left on base; Montreal 0 - Toronto 2 |
| BOTTOM OF THE 2ND |
|
Toronto Blue Jays batting - Pitching for Montreal Expos : RHP Jon Turman
|
|
Batting: LHB Jack Bell
|
0-0: Called Strike 0-1: Called Strike 0-2: Ball 1-2: Ball 2-2: Strikes out swinging
|
|
Batting: RHB Jerry Jauregui
|
0-0: Called Strike 0-1: Ground out 6-3 (Groundball, 6, EV 98.8 MPH)
|
|
Batting: RHB Danny Heyer
|
0-0: Ball 1-0: Foul Ball, location: 2F 1-1: Ball 2-1: Ball 3-1: Swinging Strike 3-2: Ground out 5-3 (Groundball, 56, EV 79.4 MPH)
|
| Bottom of the 2nd over - 0 runs, 0 hits, 0 errors, 0 left on base; Montreal 0 - Toronto 2 |
| TOP OF THE 3RD |
|
Montreal Expos batting - Pitching for Toronto Blue Jays : LHP Katsumi Omura
|
|
Batting: RHB Jesse Basich
|
0-0: Hit by Pitch
|
|
Batting: RHB Robby Juarez
|
0-0: Foul Ball, location: 2F 0-1: Fielders Choice at 2nd, 5-4 (Groundball, 56S, EV 86.3 MPH)
|
|
Batting: SHB Pete Barutha
|
0-0: Ball 1-0: Ball 2-0: SINGLE (Groundball, 56D, EV 103.8 MPH) Robby Juarez to second
|
|
Batting: RHB Mike Salmon
|
0-0: Ball 1-0: Foul Ball, location: 2F 1-1: Ball 2-1: Foul Ball, location: 2F 2-2: Ball 3-2: Foul Ball, location: 2F 3-2: Strikes out swinging
|
|
Batting: RHB Wen-hua Lei
|
0-0: Called Strike 0-1: Ball 1-1: Fly out, F3 (Popup, 34, EV 76.3 MPH)
|
| Top of the 3rd over - 0 runs, 1 hit, 0 errors, 2 left on base; Montreal 0 - Toronto 2 |
| BOTTOM OF THE 3RD |
|
Toronto Blue Jays batting - Pitching for Montreal Expos : RHP Jon Turman
|
|
Batting: LHB Michael Byrd
|
0-0: Ground out 3-1 (Groundball, 34S, EV 86.3 MPH)
|
|
Batting: LHB Jody Hudson
|
0-0: Ball 1-0: Fly out, F8 (Flyball, 8RXD, EV 80.6 MPH)
|
|
Batting: LHB Josh Stuck
|
0-0: Ball 1-0: Called Strike 1-1: Foul Ball, location: 2F 1-2: Ball 2-2: Strikes out swinging
|
| Bottom of the 3rd over - 0 runs, 0 hits, 0 errors, 0 left on base; Montreal 0 - Toronto 2 |
| TOP OF THE 4TH |
|
Montreal Expos batting - Pitching for Toronto Blue Jays : LHP Katsumi Omura
|
|
Batting: LHB Steve Anderson
|
0-0: Ball 1-0: Called Strike 1-1: Ball 2-1: DOUBLE (Line Drive, 89D, EV 108.8 MPH)
|
|
Batting: RHB John Ham
|
0-0: Ball 1-0: Swinging Strike 1-1: Foul Ball, location: 2F 1-2: Ball 2-2: Foul Ball, location: 2F 2-2: Strikes out swinging
|
|
Batting: RHB Eugênio Asceno
|
0-0: Called Strike 0-1: Ball 1-1: Ball Wild Pitch! Steve Anderson to third 2-1: Ball 3-1: Called Strike 3-2: Strikes out swinging
|
|
Batting: SHB Hans Mikkelsen
|
0-0: Ball 1-0: Foul Ball, location: 2F 1-1: Ball 2-1: Ball 3-1: Foul Ball, location: 2F 3-2: Foul Ball, location: 2F 3-2: Foul Ball, location: 2F 3-2: Base on Balls
|
|
Pitching: RHP John Mathis
|
|
|
Batting: RHB Jesse Basich
|
0-0: Foul Ball, location: 2F 0-1: Ball 1-1: Ball 2-1: Ball 3-1: Base on Balls Hans Mikkelsen to second
|
|
Batting: RHB Robby Juarez
|
0-0: Ball 1-0: Called Strike 1-1: Foul Ball, location: 2F 1-2: Hit by Pitch Steve Anderson scores Hans Mikkelsen to third Jesse Basich to second
|
|
Batting: SHB Pete Barutha
|
0-0: Ball 1-0: Foul Ball, location: 2F 1-1: Ball 2-1: Ball 3-1: Base on Balls Hans Mikkelsen scores Jesse Basich to third Robby Juarez to second
|
|
Batting: RHB Mike Salmon
|
0-0: Called Strike 0-1: Swinging Strike 0-2: Foul Ball, location: 2F 0-2: Ball 1-2: Strikes out swinging
|
| Top of the 4th over - 2 runs, 1 hit, 0 errors, 3 left on base; Montreal 2 - Toronto 2 |
| BOTTOM OF THE 4TH |
|
Toronto Blue Jays batting - Pitching for Montreal Expos : RHP Jon Turman
|
|
Batting: LHB Isto Mäyrä
|
0-0: DOUBLE (Line Drive, 9LS, EV 101.9 MPH)
|
|
Batting: LHB Jesus Romero
|
0-0: Ground out U3 (Groundball, 3L, EV 78.1 MPH) Isto Mäyrä to third
|
|
Batting: SHB Dylan Novakowski
|
0-0: Called Strike 0-1: Ball 1-1: Ball 2-1: Ground out 5-3 (Groundball, 56S, EV 86.3 MPH) Isto Mäyrä scores
|
|
Batting: LHB Jack Bell
|
0-0: Called Strike 0-1: Ball 1-1: Fly out, F9 (Flyball, 9LM, EV 93.8 MPH)
|
| Bottom of the 4th over - 1 run, 1 hit, 0 errors, 0 left on base; Montreal 2 - Toronto 3 |
| TOP OF THE 5TH |
|
Montreal Expos batting - Pitching for Toronto Blue Jays : RHP John Mathis
|
|
Batting: RHB Wen-hua Lei
|
0-0: Foul Ball, location: 2F 0-1: Ball 1-1: Called Strike 1-2: Ground out 2-3 (Groundball, 2L, EV 75.0 MPH)
|
|
Batting: LHB Steve Anderson
|
0-0: Swinging Strike 0-1: Foul Ball, location: 2F 0-2: Strikes out swinging
|
|
Batting: RHB John Ham
|
0-0: Ball 1-0: Called Strike 1-1: Foul Ball, location: 2F 1-2: Foul Ball, location: 2F 1-2: Foul Ball, location: 2F 1-2: Ball 2-2: Foul Ball, location: 2F 2-2: Ball 3-2: Base on Balls
|
|
Pitching: RHP Bobby Wright
|
|
|
Batting: RHB Eugênio Asceno
|
0-0: Fielders Choice at 2nd, U6 (Groundball, 6M, EV 97.5 MPH)
|
| Top of the 5th over - 0 runs, 0 hits, 0 errors, 1 left on base; Montreal 2 - Toronto 3 |
| BOTTOM OF THE 5TH |
|
Toronto Blue Jays batting - Pitching for Montreal Expos : RHP Jon Turman
|
|
Pitching: LHP David Sedillo
|
|
|
Batting: RHB Jerry Jauregui
|
0-0: Ground out 6-3 (Groundball, 6, EV 83.8 MPH)
|
|
Batting: RHB Danny Heyer
|
0-0: Foul Ball, location: 2F 0-1: Foul Ball, location: 2F 0-2: Ball 1-2: Foul Ball, location: 2F 1-2: Ball 2-2: Strikes out swinging
|
|
Batting: LHB Michael Byrd
|
0-0: Ball 1-0: Called Strike 1-1: Called Strike 1-2: DOUBLE (Line Drive, 78D, EV 103.1 MPH)
|
|
Batting: LHB Jody Hudson
|
0-0: Ball 1-0: Swinging Strike 1-1: Ball 2-1: Swinging Strike 2-2: Foul Ball, location: 2F 2-2: Ball 3-2: Strikes out swinging
|
| Bottom of the 5th over - 0 runs, 1 hit, 0 errors, 1 left on base; Montreal 2 - Toronto 3 |
| TOP OF THE 6TH |
|
Montreal Expos batting - Pitching for Toronto Blue Jays : RHP Bobby Wright
|
|
Batting: SHB Hans Mikkelsen
|
0-0: Ball 1-0: Ball 2-0: Called Strike 2-1: Ball 3-1: Foul Ball, location: 2F 3-2: Fly out, F7 (Flyball, 8LS, EV 88.8 MPH)
|
|
Batting: RHB Jesse Basich
|
0-0: Ball 1-0: Ground out U3 (Groundball, 23, EV 86.3 MPH)
|
|
Pinch Hitting: RHB Danny Diaz
|
0-0: Called Strike 0-1: Ball 1-1: Swinging Strike 1-2: Ball 2-2: Strikes out looking
|
| Top of the 6th over - 0 runs, 0 hits, 0 errors, 0 left on base; Montreal 2 - Toronto 3 |
| BOTTOM OF THE 6TH |
|
Toronto Blue Jays batting - Pitching for Montreal Expos : LHP David Sedillo
|
|
Now at SS: Danny Diaz
|
|
|
Batting: LHB Josh Stuck
|
0-0: Ball 1-0: Ball 2-0: Called Strike 2-1: Ball 3-1: Base on Balls
|
|
Batting: LHB Isto Mäyrä
|
|
|
Pinch Hitting: RHB Ryan Kinkead
|
0-0: Called Strike 0-1: Ball 1-1: Ball 2-1: Swinging Strike 2-2: Ball 3-2: Base on Balls Josh Stuck to second
|
|
Batting: RHB Kirk Arp
|
0-0: Fly out, F8 (Flyball, 78M, EV 92.5 MPH)
|
|
Batting: SHB Dylan Novakowski
|
0-0: Foul Ball, location: 2F 0-1: Ball 1-1: Ball 2-1: Called Strike 2-2: Strikes out swinging
|
|
Batting: LHB Jack Bell
|
0-0: Called Strike Josh Stuck steals 3rd base (no throw) 0-1: Foul Ball, location: 2F 0-2: Fielders Choice at 2nd, 6-4 (Groundball, 4M, EV 99.4 MPH)
|
| Bottom of the 6th over - 0 runs, 0 hits, 0 errors, 2 left on base; Montreal 2 - Toronto 3 |
| TOP OF THE 7TH |
|
Montreal Expos batting - Pitching for Toronto Blue Jays : RHP Bobby Wright
|
|
Now in LF: Yoshinari Nara
|
|
|
Now in RF: Josh Stuck
|
|
|
Pinch Hitting: RHB Wing-kit Bu
|
0-0: Ground out 6-3 (Groundball, 56, EV 105.6 MPH)
|
|
Batting: LHB Jimmy Buscemi
|
0-0: Ball 1-0: Ball 2-0: Called Strike 2-1: Foul Ball, location: 2F 2-2: Foul Ball, location: 2F 2-2: Strikes out looking
|
|
Pinch Hitting: LHB Danny Hull
|
0-0: Called Strike 0-1: Ball 1-1: Swinging Strike 1-2: Ball 2-2: Ball 3-2: Foul Ball, location: 2F 3-2: Base on Balls
|
|
Pitching: LHP Steve Taylor
|
|
|
Pinch Hitting: LHB Robin More
|
0-0: Ball 1-0: Ball 2-0: Ball 3-0: Called Strike 3-1: Called Strike 3-2: Strikes out looking
|
| Top of the 7th over - 0 runs, 0 hits, 0 errors, 1 left on base; Montreal 2 - Toronto 3 |
| BOTTOM OF THE 7TH |
|
Toronto Blue Jays batting - Pitching for Montreal Expos : LHP David Sedillo
|
|
Pitching: RHP Eric Hudson
|
|
|
Now at 1B: Robin More
|
|
|
Now at 2B: Danny Diaz
|
|
|
Now at SS: Danny Hull
|
|
|
Now in CF: Wing-kit Bu
|
|
|
Batting: RHB Jerry Jauregui
|
0-0: Ball 1-0: Called Strike 1-1: Swinging Strike 1-2: SOLO HOME RUN (Flyball, 9D, EV 98.1 MPH), Distance : 385 ft
|
|
Batting: RHB Danny Heyer
|
0-0: TRIPLE (Flyball, 89XD, EV 103.1 MPH)
|
|
Pinch Hitting: RHB Greg Herzig
|
0-0: Ball 1-0: Foul Ball, location: 2F 1-1: Ground out U3 (Groundball, 34S, EV 79.4 MPH)
|
|
Pinch Hitting: LHB Sam Dowdy
|
0-0: Swinging Strike 0-1: Swinging Strike 0-2: Ball 1-2: Foul Ball, location: 2F 1-2: Ball 2-2: Ball 3-2: Strikes out swinging
|
|
Batting: LHB Josh Stuck
|
0-0: Ground out 6-3 (Groundball, 6, EV 87.5 MPH)
|
| Bottom of the 7th over - 1 run, 2 hits, 0 errors, 1 left on base; Montreal 2 - Toronto 4 |
| TOP OF THE 8TH |
|
Montreal Expos batting - Pitching for Toronto Blue Jays : LHP Steve Taylor
|
|
Now at 1B: Greg Herzig
|
|
|
Now at 2B: Sam Dowdy
|
|
|
Now at SS: Dylan Novakowski
|
|
|
Pinch Hitting: RHB Hugo Bautista
|
0-0: Ball 1-0: Ball 2-0: Called Strike 2-1: SINGLE (Groundball, 5L, EV 101.3 MPH)
|
|
Batting: RHB Eugênio Asceno
|
0-0: Called Strike 0-1: Fly out, F8 (Flyball, 8RD, EV 104.4 MPH)
|
|
Pinch Hitting: SHB Bran Stark
|
0-0: Ball 1-0: Ball 2-0: Foul Ball, location: 2F 2-1: Called Strike 2-2: SINGLE (Line Drive, 8RS, EV 105.6 MPH) Hugo Bautista to second
|
|
Batting: RHB Jesse Basich
|
0-0: Ball 1-0: Foul Ball, location: 2F 1-1: Swinging Strike 1-2: Strikes out swinging
|
|
Batting: RHB Danny Diaz
|
0-0: Ball 1-0: Called Strike 1-1: Foul Ball, location: 2F 1-2: Strikes out swinging
|
| Top of the 8th over - 0 runs, 2 hits, 0 errors, 2 left on base; Montreal 2 - Toronto 4 |
| BOTTOM OF THE 8TH |
|
Toronto Blue Jays batting - Pitching for Montreal Expos : RHP Eric Hudson
|
|
Now in LF: Hugo Bautista
|
|
|
Now in CF: Bran Stark
|
|
|
Now in RF: Wing-kit Bu
|
|
|
Batting: LHB Yoshinari Nara
|
0-0: Called Strike 0-1: Foul Ball, location: 2F 0-2: Strikes out looking
|
|
Batting: RHB Kirk Arp
|
0-0: Called Strike 0-1: Ball 1-1: Fly out, F8 (Line Drive, 8RD, EV 90.6 MPH)
|
|
Batting: SHB Dylan Novakowski
|
0-0: Swinging Strike 0-1: Fly out, F9 (Flyball, 9D, EV 102.5 MPH)
|
| Bottom of the 8th over - 0 runs, 0 hits, 0 errors, 0 left on base; Montreal 2 - Toronto 4 |
| TOP OF THE 9TH |
|
Montreal Expos batting - Pitching for Toronto Blue Jays : LHP Steve Taylor
|
|
Pitching: LHP Josh Black
|
|
|
Batting: RHB Wing-kit Bu
|
0-0: Ball 1-0: Hit by Pitch
|
|
Batting: RHB Martin Chavez
|
0-0: Ball 1-0: Foul Ball, location: 2F 1-1: Ball 2-1: Foul Ball, location: 2F 2-2: Ball 3-2: SINGLE (Line Drive, 3D, EV 96.9 MPH) Wing-kit Bu to second Wing-kit Bu to third
|
|
Pinch Hitting: RHB Nick Sharp
|
0-0: Fly out, F8 (Line Drive, 8RS, EV 100.0 MPH)
|
|
Batting: LHB Robin More
|
0-0: Foul Ball, location: 2F 0-1: Called Strike 0-2: Ball 1-2: Foul Ball, location: 2F 1-2: Ball 2-2: Strikes out swinging
|
|
Batting: RHB Hugo Bautista
|
0-0: Ball 1-0: Foul Ball, location: 2F 1-1: Swinging Strike 1-2: Ball 2-2: Foul Ball, location: 2F 2-2: Ball 3-2: Ground out 1-3 (Groundball, 13S, EV 67.5 MPH)
|
| Top of the 9th over - 0 runs, 1 hit, 0 errors, 2 left on base; Montreal 2 - Toronto 4 |
|